 Dungeon Crawl Stone Soup version 0.17-a0-1738-g82cdc46 (webtiles) character file.

1956 kae the Martial Artist (level 8, -12/58 HPs)
             Began as a Demonspawn Monk on Aug 30, 2015.
             Was a Priest of Qazlal.
             Mangled by an orc warrior
             ... wielding a +0 glaive
              (16 damage)
             ... in a bailey.
             The game lasted 00:06:54 (6775 turns).

kae the Martial Artist (Demonspawn Monk)            Turns: 6775, Time: 00:06:54

Health: -12/58     AC:  7    Str: 11    XL:     8   Next: 99%
Magic:  0/8        EV: 14    Int: 12    God:    Qazlal [***...]
Gold:   109        SH:  4    Dex: 23    Spells: 0 memorised, 7 levels left

rFire  + . .     SeeInvis .       - Unarmed
rCold  . . .     Clarity  .     a - +1 robe
rNeg   . . .     SustAt   .     (no shield)
rPois  .         Gourm    .     (no helmet)
rElec  .         Spirit   +     n - +0 cloak
rCorr  .         Warding  .     v - +2 pair of gloves {Dex+3}
rMut   .         Stasis   .     (no boots)
MR     .....                    (no amulet)
Stlth  ++........               (no ring)
                                (no ring)

@: not resistant to hostile enchantments, unstealthy
A: thin skeletal structure 1, fire resistance 1, magic shield, flame cloud
immunity
a: Upheaval, Elemental Force, Renounce Religion


You were in a bailey.
You worshipped Qazlal.
Qazlal was most pleased with you.
You were hungry.

You visited 1 branch of the dungeon, and saw 7 of its levels.
You also visited: Bailey.

You collected 345 gold pieces.
You spent 236 gold pieces at shops.

Inventory:

Armour
 a - a +1 robe (worn)
 n - a +0 cloak (worn)
 v - a +2 pair of gloves of dexterity (worn)
Jewellery
 i - the ring "Vophosu" {rC+ MR+ Str+3, unknown}
   (You found it on level 7 of the Dungeon)

   [ring of protection from magic]

   It affects your strength (+3).
   It protects you from cold.
   It affects your resistance to hostile enchantments.
Magical devices
 q - a wand of lightning (0)
 s - a wand of teleportation (2)
Scrolls
 c - 2 scrolls of identify
 e - 3 scrolls of teleportation
 f - 3 scrolls of remove curse
 h - a scroll of noise
Potions
 d - a potion of brilliance {unknown}
 k - a potion of agility
 m - a potion of might {unknown}
 o - a potion of poison {unknown}
 p - a potion of magic
Books
 t - a book of Party Tricks

   Spells                             Type                      Level
   a - Summon Butterflies             Summoning                    1
   b - Apportation                    Translocation                1
   c - Tukima's Dance                 Hexes                        3
   d - Alistair's Intoxication        Transmutation/Poison         4
   e - Invisibility                   Hexes                        6
Comestibles
 b - 3 bread rations
 g - 4 meat rations
 j - a beef jerky
 l - a chunk of flesh


   Skills:
 - Level 3.0 Fighting
 - Level 2.6 Dodging
 - Level 1.7 Stealth
 + Level 11.2 Unarmed Combat


You had 7 spell levels left.
You didn't know any spells.

Dungeon Overview and Level Annotations

Branches:
Dungeon (7/15)             Temple (0/1) D:5

Altars:
Cheibriados
Nemelex Xobeh
Qazlal
Ru
The Shining One

Shops:
D:5 [   D:7 (


Innate Abilities, Weirdness & Mutations

You have a somewhat thin skeletal structure (Dex +2, Stealth).
Your flesh is heat resistant.
When hurt, damage is shared between your health and your magic reserves.
You are immune to clouds of flame.


Message History

You are too injured to fight recklessly!
You are too injured to fight recklessly!
You are too injured to fight recklessly!
You hit the orc warrior but do no damage.
The orc warrior is almost dead.
You hit the orc warrior but do no damage.
The orc warrior is almost dead.
You block the orc warrior's attack.
You hit the orc warrior.
The orc warrior is almost dead.
You hit the orc warrior but do no damage.
The orc warrior is almost dead.
The orc warrior hits you with a glaive!
* * * LOW HITPOINT WARNING * * *
Drink which item? (? for menu, Esc to quit)
Okay, then.
Read which item? (? for menu, Esc to quit)
Okay, then.
The orc warrior hits you from afar with a glaive!
You die...

########### ##.........##
##..≈≈≈≈≈≈≈..## ##..≈≈§@...≈≈..##
##########..≈≈§.###..≈≈..########
#..........≈≈.o## ##..≈≈.........
#.≈≈≈≈≈≈≈≈≈≈..##.∩.##..≈≈≈≈≈≈≈≈≈≈
#.≈.....)....##.....##........).≈
#.≈.#########'###'#############.≈
#.≈)## #......§. ##.≈ #.≈..##
#..§≈≈§≈≈§ ##.)≈ #.≈≈..##
##..§≈oo.o.≈ ##..≈≈


You could see an orc warrior.

Vanquished Creatures
  Sigmund (D:2)
  An orc warrior (Bailey)
  2 centaurs (D:6)
  A phantom (D:4)
  A sky beast (D:5)
  5 ogres
  A big kobold (D:7)
  A water moccasin zombie (D:5)
  A scorpion (D:7)
  A jelly (D:6)
  A quasit (D:7)
  A crimson imp (D:5)
  2 giant frog zombies (D:6)
  5 orc wizards
  An orc priest (D:3)
  2 hounds (D:6)
  3 giant frog skeletons
  3 worker ants
  A hound skeleton (D:6)
  A worker ant zombie (D:7)
  4 gnolls (D:6)
  6 adders
  An ooze (D:2)
  An adder skeleton (D:6)
  3 worms
  3 giant geckos
  19 orcs
  3 hobgoblins
  19 jackals
  3 quokkas
  2 ball pythons
  10 bats
  2 giant cockroaches
  A giant cockroach zombie (D:6)
  A giant newt (D:5)
  5 goblins
  12 kobolds
  7 rats
137 creatures vanquished.

Notes
Turn   | Place    | Note
--------------------------------------------------------------
     0 | D:1      | kae the Demonspawn Monk began the quest for the Orb.
     0 | D:1      | Reached XP level 1. HP: 18/18 MP: 1/1
   244 | D:1      | Reached skill level 4 in Unarmed Combat
   248 | D:1      | Gained mutation: Your flesh is heat resistant. [demonic ancestry]
   248 | D:1      | Reached XP level 2. HP: 21/24 MP: 2/2
   578 | D:2      | Noticed Sigmund
   606 | D:2      | Killed Sigmund
   606 | D:2      | Reached skill level 6 in Unarmed Combat
   606 | D:2      | Gained mutation: When hurt, damage is shared between your health and your magic reserves. [demonic ancestry]
   606 | D:2      | Reached XP level 3. HP: 4/29 MP: 3/3
   606 | D:2      | Reached XP level 4. HP: 4/35 MP: 4/4
   606 | D:2      | Reached XP level 5. HP: 4/41 MP: 5/5
  1681 | D:2      | Found a glowing golden altar of the Shining One.
  1999 | D:3      | Found a snail-covered altar of Cheibriados.
  2015 | D:3      | Gained mutation: You have a somewhat thin skeletal structure (Dex +2, Stealth). [demonic ancestry]
  2015 | D:3      | Reached XP level 6. HP: 29/47 MP: 2/6
  2936 | D:4      | Reached skill level 7 in Unarmed Combat
  3328 | D:4      | Found a sparkling altar of Nemelex Xobeh.
  3340 | D:4      | Found a stormy altar of Qazlal.
  3349 | D:4      | Found a sacrificial altar of Ru.
  3537 | D:4      | Became a worshipper of Qazlal Stormbringer
  3537 | D:4      | Acquired Qazlal's first power
  3537 | D:4      | Acquired Qazlal's second power
  3555 | D:5      | Entered Level 5 of the Dungeon
  3567 | D:5      | Reached XP level 7. HP: 37/52 MP: 5/7
  3583 | D:5      | Reached skill level 8 in Unarmed Combat
  3965 | D:5      | Reached skill level 9 in Unarmed Combat
  4019 | D:5      | Found a staircase to the Ecumenical Temple.
  4354 | D:5      | Found Aguces's Armour Shop.
  4360 | D:5      | Bought a +2 pair of gloves of dexterity for 236 gold pieces
  4424 | D:5      | Gained mutation: You are immune to clouds of flame. [demonic ancestry]
  4424 | D:5      | Reached XP level 8. HP: 58/58 MP: 8/8
  4834 | D:6      | Reached skill level 10 in Unarmed Combat
  5946 | D:6      | Acquired Qazlal's third power
  6276 | D:7      | Reached skill level 11 in Unarmed Combat
  6302 | D:7      | Found a flagged portal.
  6311 | D:7      | Got a warped iron ring
  6328 | D:7      | Found Puplior's Antique Weapon Shoppe.
  6353 | Bailey   | Entered a bailey
  6775 | Bailey   | Mangled by an orc warrior

Vault maps used:
D:1:      saegor_arrival_simple_b, hangedman_decor_clover_reticule,
          kennysheep_nondescript, minmay_misc_feat_x, kennysheep_small_spiral,
          minmay_quantized
D:2:      nicolae_tso_swordbearing_angel, minmay_misc_feat_diagonals,
          minmay_strange_pillars, uniq_sigmund
D:3:      nicolae_overflow_crystal_walls
D:4:      minitemple, hangedman_decor_opposing, minivault_11
D:5:      minmay_temple_entry_poolview, first_bread, serial_shops,
          nicolae_shop_crystal
D:6:      grunt_ministairs_15
D:7:      lemuel_coloured_pillars_altar, serial_glass, glass_columns_c,
          glass_columns_b, due_unseen_surprise, enter_bailey_2, serial_shops,
          nicolae_shop_overgrown_old_shop, the_bakery
Bailey:   bailey_polearm_1, bailey

Action                   |  1- 3 |  4- 6 |  7- 9 || total
-------------------------+-------+-------+-------++-------
Melee: Unarmed           |    56 |   194 |   281 ||   531
Evoke: Wand              |       |       |     3 ||     3
  Use: Potion            |       |       |     4 ||     4
       Scroll            |       |       |     9 ||     9
 Stab: Sleeping          |     5 |     4 |       ||     9
       Distracted        |       |     2 |       ||     2
  Eat: Chunk             |       |     8 |     9 ||    17
       Beef jerky        |       |       |     1 ||     1
